← All builds
Geo / Armada / Economy first / OBSERVED BUILD

Standard geo

Armada Geo build order · Supreme Isthmus

The role's usual economy-first play: geothermal into T2 constructor and Advanced Geothermal, then T2 units like Starlight brought to front for the team.

Usually blows up the commander for T2 (72%)

#eco #t2 #team support · 1302 distinct matches · 230 players · 55% of Armada Geo games · team won 55% of 1523 · Recently observed

HOW TO PLAY IT

Key timing: T2 constructor by 4:55

  1. Open 2 mex and wind, then Bot Lab by 0:35.
  2. Rush geothermal powerplant to fund T2 ahead of other roles.
  3. Get T2 constructor out to start building T2 units.
  4. Add Vehicle Plant and Advanced Geothermal for the T2 push.
  5. Fly first Starlight to front with a transport from Air.

Phase by phase

TYPICAL OF ITS 1302 GAMES
  1. 1
  2. 2
  3. 3
  4. 4
PLAY THE OPENING

Follow the example game's first 6:00 step by step: what to build now, what comes next, and where it goes. At 1× it keeps pace with your own game.

  1. 1

    Up to the Bot Lab

    Economy
    • Metal Extractor2Mex
    • Wind Turbine4Wind
    Order
    1. Bot LabBot Lab after 2 mex, 4 winddone ~1:11, middle half 0:58–1:21

    By 0:55 in all: 2 mex · 4 wind

    The example game in this phase · 3 steps
    1. Mex ×3
    2. Wind ×3
    3. Bot LabBot Labdone 1:16 · typical 1:11
  2. 2

    Bot Lab to 5:00

    Economy
    • Metal Extractor2Mex
    • Wind Turbine3Wind
    • Energy Converter8Converter
    • Energy Storage1Energy storage
    Order
    1. Geothermal PowerplantGeo after 4 mex, 5 wind, 1 energy storage
    2. Bot LabEat Bot Lab
    Builders
    • Construction Turret5 Con turret
    • Lazarus4 Lazarus
    • Construction Bot2 Con bot
    • Construction Bot1 Con bot for allies
    • Lazarus1 Lazarus for allies

    By 5:00 in all: 4 mex · 7 wind · 1 geo · 8 converter · 1 energy storage · 5 con turret

    The example game in this phase · 22 steps
    1. LazarusLazarus
    2. Wind
    3. LazarusLazarus
    4. Wind
    5. LazarusLazarus
    6. Construction BotCon botfor Beach sea
    7. Construction BotCon bot ×2
    8. LazarusLazarus
    9. Energy storage
    10. Mex
    11. LazarusLazarusfor Beach sea
    12. LazarusLazarus
    13. Geothermal PowerplantGeodone 3:21 · typical 3:29
    14. Con turret ×2
    15. Bot LabEat Bot Labreclaimed for its metal
    16. Con turret ×2
    17. Converter ×2
    18. Radar TowerRadar Tower
    19. Converter ×8
    20. Advanced Metal ExtractorT2 mexdone 5:02 · typical 5:38
    21. Converter
    22. Advanced Metal ExtractorT2 mex
  3. 3

    5:00 to Vehicle Plant

    Order
    1. Advanced Geothermal PowerplantAdvanced Geothermal Powerplant after 8 wind, 10 converter, 6 con turretin 57% of games
    2. Vehicle PlantVehicle Plant after 9 wind, 10 converter, 6 con turretdone ~7:06, middle half 6:39–7:32

    Some games also: con turret (49%) · converter (48%) · wind (41%)

    By 6:56 in all: 4 mex · 9 wind · 1 geo · 1 Advanced Geothermal Powerplant · 10 converter · 1 energy storage

    The example game in this phase · 11 steps
    1. Advanced Metal ExtractorT2 mex
    2. Advanced Geothermal PowerplantAdvanced Geothermal Powerplantnot finished by 15:00 · typical 7:11
    3. PrudePrudedone 7:06
    4. Con turret
    5. Advanced Metal ExtractorT2 mex
    6. Bot LabBot Labdone 7:13
    7. Construction BotCon bot
    8. Con turret
    9. Construction BotCon bot ×3
    10. SentrySentry
    11. Vehicle PlantVehicle Plantdone 7:43 · typical 7:06
  4. 4

    Vehicle Plant to 10:00

    Economy
    • Wind Turbine5Wind
    • Energy Converter4Converter
    Order
    1. Advanced Vehicle PlantAdvanced Vehicle Plant after 10 wind, 11 converter, 6 con turret
    2. Vehicle PlantEat Vehicle Plant
    Builders
    • Construction Vehicle1 Con vehicle
    • Advanced Construction Vehicle1 T2 con vehicle for allies
    Army
    • Starlight2 Starlight
    • Umbra1 Jammer
    • Prophet1 Radar vehicle

    Some games also: con turret (48%) · Jaguar (36%)

    By 10:00 in all: 4 mex · 18 wind · 1 geo · 1 Advanced Geothermal Powerplant · 16 converter · 1 energy storage

    The example game in this phase · 114 steps
    1. Construction BotCon bot
    2. SentrySentry
    3. Construction VehicleCon vehicle
    4. Construction BotCon bot
    5. Advanced Vehicle PlantAdvanced Vehicle Plantdone 8:30 · typical 8:02
    6. SentrySentry
    7. Wind ×2
    8. SentrySentry
    9. Bot LabEat Bot Labreclaimed for its metal
    10. Wind
    11. Con turret
    12. SentrySentry
    13. Wind ×2
    14. Con turret
    15. Wind ×3
    16. ProphetRadar vehicle
    17. Wind
    18. UmbraJammer
    19. Wind ×2
    20. StarlightStarlightdone 8:59 · typical 9:04
    21. Vehicle PlantEat Vehicle Plantreclaimed for its metal
    22. Wind ×5
    23. StarlightStarlight
    24. Wind
    25. Energy storage
    26. Wind ×3
    27. BeholderBeholder
    28. Wind
    29. StarlightStarlight
    30. BeholderBeholder
    31. Wind ×2
    32. Energy storage
    33. Wind
    34. BeholderBeholder
    35. Wind ×3
    36. ShredderShredderdone 10:38
    37. Wind ×3
    38. SentrySentry
    39. JaguarJaguar
    40. Wind
    41. SentrySentry
    42. Wind
    43. SentrySentry
    44. JaguarJaguar
    45. Wind
    46. SentrySentry
    47. Wind
    48. ShredderShredder
    49. JaguarJaguar
    50. Wind
    51. SentrySentry
    52. JaguarJaguar
    53. Wind ×3
    54. Advanced Construction VehicleT2 con vehicle
    55. Wind ×4
    56. Advanced Construction VehicleT2 con vehiclefor Front
    57. Wind ×4
    58. PrudePrude
    59. Wind ×4
    60. Converter
    61. Wind ×2
    62. StarlightStarlight
    63. Wind ×2
    64. Converter
    65. Wind ×2
    66. Converter
    67. Wind
    68. Converter
    69. Wind ×2
    70. Converter
    71. StarlightStarlight
    72. Converter
    73. Wind
    74. Converter
    75. Wind ×4
    76. Converter ×3
    77. Wind
    78. ProphetRadar vehicle
    79. Wind ×2
    80. Converter
    81. UmbraJammer
    82. Converter
    83. Wind ×2
    84. ConsulConsul
    85. Wind
    86. Con turret
    87. Wind ×2
    88. Converter
    89. JaguarJaguar
    90. Wind
    91. Converter
    92. Wind
    93. JaguarJaguar
    94. Wind
    95. Converter
    96. Wind
    97. JaguarJaguar
    98. Converter
    99. JaguarJaguar
    100. Wind ×3
    101. Converter
    102. T2 converter
    103. Wind ×3
    104. Converter
    105. Wind
    106. Con turret
    107. Wind ×2
    108. Con turret
    109. CitadelAnti-nukenot finished by 15:00
    110. JaguarJaguar
    111. Wind ×3
    112. Converter
    113. JaguarJaguar
    114. Wind ×2

Counts are medians over the build's games: half of them build more, half fewer. The example game is mobius1's (32 OS, 28/08/2026); pick another.

Team trades

IN AT LEAST 30% OF ITS GAMES

You hand over

  • Lazarus1 Lazarus to Beach seafirst at 2:17 · in 75% of games
  • Construction Bot1 Con bot to Beach seafirst at 2:27 · in 87% of games
  • Advanced Construction Vehicle1 T2 con vehicle to Suicide front or Frontfirst at 8:48 · in 63% of games

You get

  • Advanced Construction Bot1 T2 con bot from Techfirst at 4:52 · in 94% of games

How it plays out

Typical game of this build, running totals by minute

Metal produced

020k40k
0:005:0010:0015:00

metal

Enemy metal destroyed

05k10k15k
0:005:0010:0015:00

metal

Own metal lost

02k4k6k
0:005:0010:0015:00

metal

1523 games.

Show as table
ByMetal produced: This buildEnemy metal destroyed: This buildOwn metal lost: This build
1:0033300
2:0085400
3:00152700
4:00267200
5:00369500
6:00564300
7:00802400
8:001134301
9:00144084385
10:0017280480204
11:00201311745534
12:002301236181634
13:002574358182989
14:002858982054440
15:0031360102015610
WHAT THE NUMBERS SAY

Standard Geo play wins about half its games while destroying the most enemy metal by 15:00 among the roles shown here.

  • + Enemy metal destroyed jumps to 10560 by 15:00, highest of all six builds.
  • + Starlight makes up 34% of army, delivering the long-range T2 push.
  • − Own metal lost reaches 5977 by 15:00 from the aggressive T2 push.
  • − First Starlight only arrives in 60% of games, a late or inconsistent push.
THE EXAMPLE YOU ARE READING

mobius1

31.8 OS · 28/08/2026

Open source match ↗

2 received units · includes a constructor
1269 metal received · 62362 energy received

Allied construction assistance is unknown. Timings are observations, not a promise of solo reproducibility.

Typical milestones

Bot Lab1:11Middle 50%: 0:58–1:21 · n=1522
Geothermal Powerplant3:29Middle 50%: 3:12–3:47 · n=1515
Advanced Metal Extractor5:38Middle 50%: 5:21–6:01 · n=1514
Vehicle Plant7:06Middle 50%: 6:39–7:32 · n=1472
Advanced Geothermal Powerplant7:11Middle 50%: 6:51–7:42 · n=1101
Advanced Vehicle Plant8:02Middle 50%: 7:40–8:34 · n=1407
Starlight9:04Middle 50%: 8:32–9:47 · n=1271

Played most by

0neTw0120games of this buildzeus_on_god117games of this buildXad53games of this buildTheGeneraI46games of this buildViltrum43games of this build